AoeStats
← 牛油果

Nomad

510306592Analyzed
3v3 RM · 14h ago on Sep 30, 2026· 36m 35s· 6 players
Game mode
Random Map
Map size
210×210
Population
200
Speed
Normal
Resources
Standard
Victory
Conquest
Starting age
Dark Age
Ending age
Imperial Age
RankedLock teamsTeams togetherTeam positionsShared explorationLock speedFull tech treeHidden civsTurbo modeCheats
Victory
Defeat
🇭🇰 Vikings · Hong Kong SAR China
1603
+9
🇭🇰 Spanish · Hong Kong SAR China
1598
+10
🇭🇰 Italians · Hong Kong SAR China
1566
+11
🇭🇺 Saracens · Hungary
1510
-12
🇭🇰 Japanese · Hong Kong SAR China
1500
-11
🇦🇺 Ethiopians · Australia
1343
-7
持盾的大貓 and you let her go
2:58 Loom
14:46 Feudal Age
15:17 Double-Bit Axe
16:25 Town Watch
20:50 Castle Age
19:36 Fishing Lines
20:53 Gold Mining
20:59 Fletching
21:50 Medium Warships
21:55 Bow Saw
22:55 Bodkin Arrow
24:21 Ballistics
28:16 Padded Archer Armor
28:25 Elite Skirmisher
31:21 Horse Collar
35:35 Leather Archer Armor
36:27 Crossbowman
Leto_Mallory
5:30 Loom
12:13 Feudal Age
13:23 Double-Bit Axe
15:27 Fletching
19:21 Gold Mining
22:11 Castle Age
21:12 Horse Collar
23:05 Bow Saw
22:17 Crossbowman
22:53 Bodkin Arrow
27:22 Wheelbarrow
GI
4:48 Loom
14:58 Feudal Age
15:54 Town Watch
19:16 Castle Age
17:45 Stone Mining
18:08 Fletching
20:03 Bodkin Arrow
19:56 Double-Bit Axe
23:05 Fishing Lines
25:20 Gillnets
25:43 Bow Saw
25:54 Crossbowman
27:11 Padded Archer Armor
28:00 Wheelbarrow
31:23 Imperial Age
28:53 Gold Mining
29:10 Horse Collar
32:25 Bracer
33:30 Chemistry
33:07 Leather Archer Armor
33:18 Thumb Ring
34:55 Ballistics
36:12 Arbalester
牛油果
4:34 Loom
15:23 Feudal Age
16:10 Double-Bit Axe
16:05 Fishing Lines
19:04 Castle Age
17:38 Gold Mining
17:39 Fletching
19:54 Bow Saw
20:15 Bodkin Arrow
20:48 Town Watch
21:28 Ballistics
26:02 Medium Warships
30:25 Horse Collar
31:20 Gold Shaft Mining
36:05 Imperial Age
34:14 Scale Mail Armor
34:24 Forging
35:23 Chain Mail Armor
35:10 Squires
34:55 Arson
羅敏莊
6:44 Loom
15:33 Feudal Age
20:16 Castle Age
18:25 Padded Archer Armor
19:40 Bloodlines
21:01 Husbandry
21:46 Leather Archer Armor
22:03 Horse Collar
30:53 Double-Bit Axe
33:32 Stone Mining
33:32 Gold Mining
36:37 Scale Barding Armor
局長
5:17 Loom
14:57 Feudal Age
15:44 Fishing Lines
16:38 Double-Bit Axe
22:09 Castle Age
20:37 Fletching
20:48 Padded Archer Armor
21:38 Stone Mining
21:40 Gold Mining
23:05 Gillnets
23:12 Town Watch
24:34 Bodkin Arrow
28:53 Imperial Age
27:07 Bow Saw
29:22 Ballistics
29:48 Leather Archer Armor
30:35 Wheelbarrow
32:46 Conscription
36:43 Chemistry
Connection lost

Rejoining the realm…

Still unreachable

The connection could not be restored.

Session expired

The server has moved on; the page needs a fresh start.